 Dungeon Crawl Stone Soup version 0.19-a0-440-ge762a61 (webtiles) character file.

60 Steelers13 the Skirmisher (level 3, -2/34 HPs)
             Began as a Minotaur Berserker on May 31, 2016.
             Was a Believer of Trog.
             Slain by Crazy Yiuf
             ... wielding a +4 quarterstaff of chaos
              (16 damage)
             ... on level 2 of the Dungeon.
             The game lasted 00:12:23 (2163 turns).

Steelers13 the Skirmisher (Minotaur Berserker)      Turns: 2163, Time: 00:12:23

Health: -2/34      AC:  6    Str: 22    XL:     3   Next: 80%
Magic:  2/2        EV: 10    Int:  4    God:    Trog [**....]
Gold:   83         SH:  0    Dex:  9    Spells: 0 memorised, 2 levels left

rFire  . . .     SeeInvis +     n - +0 spear
rCold  . . .     Gourm    .     p - +0 scale mail
rNeg   . . .     Faith    .     (no shield)
rPois  .         Spirit   .     (helmet restricted)
rElec  .         Dismiss  .     (no cloak)
rCorr  .         Reflect  .     (no gloves)
SustAt .         Harm     .     (no boots)
MR     .....                    (no amulet)
Stlth  ..........               k - ring of flight
                                g - ring of see invisible

@: not resistant to hostile enchantments, extremely unstealthy
A: retaliatory headbutt, horns 2
a: Berserk, Trog's Hand, Burn Spellbooks, Renounce Religion, Evoke Flight


You were on level 2 of the Dungeon.
You worshipped Trog.
Trog was pleased with you.
You were not hungry.

You visited 1 branch of the dungeon, and saw 2 of its levels.

You collected 83 gold pieces.

Inventory:

Hand Weapons
 a - a +0 falchion
 n - a +0 spear (weapon)
Armour
 f - a +0 robe
 p - a +0 scale mail (worn)
Jewellery
 g - a ring of see invisible (left hand)
 k - a ring of flight (right hand)
Scrolls
 e - a scroll of remove curse {unknown}
 h - a scroll of identify {unknown}
 j - a scroll of fog {unknown}
Potions
 d - a potion of degeneration {unknown}
 i - a potion of might {unknown}
 m - a potion of lignification {unknown}
Books
 o - a book of Envenomations

   Spells                             Type                      Level
   a - Spider Form                    Transmutation/Poison         3
   b - Olgreb's Toxic Radiance        Poison                       4
   c - Alistair's Intoxication        Transmutation/Poison         5
   d - Poisonous Cloud                Conjuration/Poison/Air       6
   Trog disapproves of the use of such an item.
Comestibles
 b - 3 chunks of flesh
 c - 2 bread rations
 l - a fruit


   Skills:
 + Level 4.6 Fighting
 + Level 4.2 Long Blades
 + Level 2.7 Armour
 + Level 2.5 Dodging
 + Level 0.8 Stealth


You had 2 spell levels left.
You didn't know any spells.

Dungeon Overview and Level Annotations

Branches:
Dungeon (2/15)

Altars:
Pakellas

Annotations:
D:2 Crazy Yiuf


Innate Abilities, Weirdness & Mutations

You reflexively headbutt those who attack you in melee.
You have a pair of horns on your head.


Message History

Crazy Yiuf the Enlightened comes into view.
He is wielding a quarterstaff of chaos.
Crazy Yiuf shouts!
Found a mace.
There is an open door here.
You hit Crazy Yiuf but do no damage.
Crazy Yiuf says, "Cards return to song pizzabubble!"
Crazy Yiuf completely misses you.
You hit Crazy Yiuf but do no damage. Crazy Yiuf barely misses you.
You barely miss Crazy Yiuf. Crazy Yiuf barely misses you.
You hit Crazy Yiuf but do no damage. You headbutt Crazy Yiuf.
Crazy Yiuf is moderately wounded.
Crazy Yiuf hits you with a quarterstaff of chaos!
Space warps horribly around you!
You closely miss Crazy Yiuf.
Crazy Yiuf is moderately wounded.
Crazy Yiuf hits you with a quarterstaff of chaos.
You hit Crazy Yiuf but do no damage.
Crazy Yiuf is moderately wounded.
Crazy Yiuf hits you with a quarterstaff of chaos!
You die...

#.# ###.#
#.# #...#
#.# #.###
#.####.###
#####
#.#.......
#)..#
#.#.##.###
#...#
#.........
#.g.#
###.##.###
#@#
#.##....
♣.♣♣
#.######
♣♣.♣ #.#
♣.♣♣ #.#
♣♣.♣ #.#
♣♣.♣♣ #.#
♣♣...♣ #.#
♣....♣
#####.#
#....#
#....# ##


You could see Crazy Yiuf.

Vanquished Creatures
  2 adders (D:2)
  A worm (D:2)
  2 dart slugs (D:1)
  2 giant geckos (D:2)
  2 giant cockroaches
  2 goblins (D:2)
  5 hobgoblins
  4 ball pythons
  6 bats
  A giant newt (D:2)
  A kobold (D:1)
  6 rats
34 creatures vanquished.

Notes
Turn   | Place    | Note
--------------------------------------------------------------
     0 | D:1      | Steelers13 the Minotaur Berserker began the quest for the Orb.
     0 | D:1      | Reached XP level 1. HP: 19/19 MP: 0/0
   375 | D:1      | Reached XP level 2. HP: 26/27 MP: 1/1
   805 | D:2      | Reached ** piety under Trog
   805 | D:2      | Reached XP level 3. HP: 8/33 MP: 2/2
  1941 | D:2      | Found an oddly glowing altar of Pakellas.
  2156 | D:2      | Noticed Crazy Yiuf
  2163 | D:2      | Slain by Crazy Yiuf

Vault maps used:
D:1:      lemuel_arrival_river_ford, serial_bayou_pond_c, roderic_roman_lattice
D:2:      lemuel_zombie_altar_yredelemnul, grunt_pakellas_basics,
          uniq_crazy_yiuf_cottage

Skill      XL: |  1  2 |
---------------+-------+-----
Fighting       | 4 |  4.6
Long Blades    | 4 |  4.2
Armour         | |  2.7
Dodging        | |  2.5
Stealth        | |  0.8

Action                   || total
-------------------------++-------
Melee: Falchion          ||    54
       Headbutt          ||    13
       Spear             ||    13
 Stab: Sleeping          ||     2
  Eat: Chunk             ||     4
Armor: Animal skin       ||     9
       Robe              ||     9
Dodge: Dodged            ||    55
